 Dungeon Crawl Stone Soup version 0.31-a0-981-geadf994542 (webtiles) character file.

Game seed: 11806310523725924117

4978 Danienth the Slicer (level 10, -1/51 (53) HPs)
             Began as a Spriggan Enchanter on Nov 2, 2023.
             Was a Priest of Nemelex Xobeh.
             Killed from afar by an acid dragon (13 damage)
             ... with a splash of acid
             ... on level 8 of the Dungeon.
             The game lasted 00:49:29 (8420 turns).

Danienth the Slicer (Spriggan Enchanter)            Turns: 8420, Time: 00:49:30

HP:   -1/51 (53)    AC:  4    Str: 10 (11) XL:     10   Next: 29%
MP:   0/22          EV: 20    Int: 16 (17) God:    Nemelex Xobeh [***...]
Gold: 1113          SH:  0    Dex: 25 (27) Spells: 9/23 levels left

rFire   . . .        w - +3 short sword of Mixorin {flame, Dex+6}
rCold   + . .        (no shield)
rNeg    . . .        L - +2 robe {rC+}
rPois   .            (helmet restricted)
rElec   .            (no cloak)
rCorr   .            (gloves unavailable)
SInv    +            (boots unavailable)
Will    +....        f - amulet of guardian spirit
Stlth   ++++         o - +6 ring of strength
HPRegen 0.28/turn    (no ring)
MPRegen 0.18/turn

%: guardian spirit
@: lightly drained, very quick
A: very small, no large weapons, unfitting armour, see invisible, speed 3,
talons 1, agile 1, deterioration 1, inability to read after injury 1
a: Renounce Religion, Draw Escape, Draw Destruction, Draw Summoning, Triple Draw


You were on level 8 of the Dungeon.
You worshipped Nemelex Xobeh.
Nemelex Xobeh was most pleased with you.
You visited 1 branch of the dungeon, and saw 8 of its levels.

You collected 1636 gold pieces.
You spent 523 gold pieces at shops.

Inventory:

Hand Weapons
 a - a +1 dagger
 g - a +2 dagger of venom
 t - a +2 long sword of pain
 w - the +3 short sword of Mixorin (weapon) {flame, Dex+6}
   (You bought it in a shop on level 6 of the Dungeon)

   Dex+6:     It affects your dexterity (+6).
 A - a +1 short sword of flaming
 B - the +0 hand axe of the Hero {speed, Str-2 Int+4 Stlth+}
   (You found it on level 5 of the Dungeon)

   Str-2:     It affects your strength (-2).
   Int+4:     It affects your intelligence (+4).
   Stlth+:    It makes you more stealthy.
 C - a +1 dagger of electrocution
 J - a +3 short sword
 K - a +3 scimitar
 O - a +0 vampiric short sword
Missiles
 c - a curare-tipped dart
 e - 3 throwing nets
 k - 10 poisoned darts (quivered)
 s - 4 darts of dispersal
 I - a datura-tipped dart
Armour
 b - a +0 robe
 v - an orb of guile
 x - a +2 robe
 F - +0 steam dragon scales
 H - +0 steam dragon scales
 L - a +2 robe of cold resistance (worn)
Jewellery
 f - an amulet of guardian spirit (around neck)
 o - a +6 ring of strength (left hand)
Wands
 y - a wand of polymorph (7)
 z - a wand of charming (4)
 M - a wand of mindburst (17)
 N - a wand of roots (5)
Scrolls
 d - a scroll of teleportation
 h - 2 scrolls of vulnerability
 j - a scroll of blinking
 n - a scroll of poison {unknown}
 p - a scroll of summoning {unknown}
 u - 2 scrolls of amnesia
 D - a scroll of immolation
 G - a scroll of fear {unknown}
Potions
 l - a potion of cancellation {unknown}
 m - a potion of might {unknown}
 q - 2 potions of attraction
 r - 2 potions of enlightenment
 E - 2 potions of lignification


   Skills:
 + Level 6.5 Fighting
 + Level 9.3 Short Blades
 + Level 4.2 Dodging
 - Level 6.0 Stealth
 * Level 7.4 Spellcasting
 + Level 0.1 Conjurations
 - Level 6.0 Hexes
 + Level 0.6 Necromancy
 - Level 3.0 Ice Magic
 + Level 3.9 Invocations


You had 9 spell levels left.
You knew the following spells:

 Your Spells              Type           Power      Damage    Failure   Level
a - Confusing Touch       Hex            25%        N/A       3%          3
b - Ensorcelled Hibernat  Hex/Ice        40%        N/A       2%          2
c - Freeze                Ice            60%        1d7       3%          1
d - Blink                 Tloc           10%        N/A       19%         2
e - Tukima's Dance        Hex            25%        N/A       3%          3
f - Vampiric Draining     Necr           7%         2d6       28%         3

Your spell library contained the following spells:

 Spells                   Type           Power      Damage    Failure   Level
 Jinxbite                 Hex            50%        N/A       1%          2
 Necrotise                Necr           28%        1d5       10%         1
 Dazzling Flash           Conj/Hex       30%        N/A       10%         3
 Frozen Ramparts          Ice            30%        1d5       11%         3
 Momentum Strike          Conj/Tloc      12%        3d8       17%         2
 Static Discharge         Conj/Air       12%        3-4/arc   17%         2
 Lesser Beckoning         Tloc           10%        N/A       19%         2
 Hailstorm                Conj/Ice       11%        3d5       19%         3
 Anguish                  Hex/Necr       8%         N/A       30%         4
 Yara's Violent Unravell  Hex/Tmut       7%         3d5       67%         5
 Airstrike                Air            2%         2d(1-17)  75%         4
 Brom's Barrelling Bould  Conj/Erth      6%         2d3       75%         4
 Passage of Golubria      Tloc           5%         N/A       75%         4
 Summon Lightning Spire   Summ/Air       5%         N/A       75%         4
 Agony                    Necr           7%         N/A       95%         5
 Fireball                 Conj/Fire      3%         3d4       97%         5
 Iskenderun's Battlesphe  Conj           6%         2d6       97%         5
 Conjure Ball Lightning   Conj/Air       3%         3x3d6     100%        6
 Orb of Destruction       Conj           3%         9d5       100%        7


Dungeon Overview and Level Annotations

Branches:
Dungeon (8/15)             Temple (0/1) D:7
   Lair: D:8-11

Altars:
Ashenzari
Nemelex Xobeh
Okawaru
Trog
Zin

Shops:
D:6 (

Annotations:
Abyss:1 Edmund


Innate Abilities, Weirdness & Mutations

You are very small and have problems with some larger weapons.
You are too small for most types of armour.
You have supernaturally acute eyesight. (SInv)
You cover ground extremely quickly. (Speed+++)
You have sharp toenails.
You are agile. (Dex +4, Str/Int -1)
Your body sometimes deteriorates upon taking damage.
You occasionally lose the ability to read scrolls when taking damage.


Message History

You start resting.
You start resting.
HP restored.
You start resting.
Magic restored.
You start waiting.
You can no longer deal four cards at a time.
You see here a +0 robe.
You see here a +0 robe.
You see here a +0 robe.
There is an open door here.
The acid dragon roars!
You draw a card...
You have drawn Wild Magic.
The acid dragon looks rather nauseous for a moment.
You feel a surge of magic.
The deck of cards disappears without a trace.
The acid dragon spits acid at you. The splash of acid hits you!!
Aiming: Charm
Press: ? - help, Q - select action, (/) - cycle Shift-Dir - straight line, f - acid dragon
Aim: an acid dragon (water, chance to affect: 49%)
Okay, then.
The acid dragon spits acid at you. The splash of acid hits you!!
* * * LOW HITPOINT WARNING * * *
Your body deteriorates!
You feel clumsy.
Throw: 12 darts (poison)
Press: ? - help, Q - select action, (/) - cycle Shift-Dir - straight line, f - acid dragon
Aim: an acid dragon (water, catching its breath, 65% to hit)
You throw a poisoned dart. The poisoned dart hits the acid dragon.
You hear a splash.
Throw: 11 darts (poison)
Press: ? - help, Q - select action, (/) - cycle Shift-Dir - straight line, f/p - acid dragon
Aim: an acid dragon (65% to hit)
You throw a poisoned dart. The poisoned dart hits the acid dragon.
The acid dragon is poisoned.
The acid dragon spits acid at you. The splash of acid hits you!
You die...
Your body glows with a rainbow of weird colours and disappears.

# #....#.........~..~.......... #
#.<..#.####......~........### #
#....#.#≈≈≈≈≈~~~~~~.~.~~D≈≈≈#
########'#####≈≈≈≈~~~≈~≈~≈~≈≈≈≈≈≈
...........####D..~~.~.~......##≈
...........).......~~.~.~....#+#≈
..............#'##~~.~~.~.)....##
..............#....####....).....
..............#.@..# #..........
#'###>..>######...## #..........
#...#....# ##...## ###'#......
##############.....# #...'......
.......#...........# #...#......
.#####.#.######'#### ##..#......
.#...#.#.#...#.[...# ##..#######
...#.#.#...#.#.....# #....# #
####.#.#####.#.[...# #....# #


You could see an acid dragon (poisoned, catching breath).

Vanquished Creatures
  A two-headed ogre (D:8)
  Pikel (D:5)
  A hornet (D:7)
  A culicivora (D:8)
  Grum (D:8)
  A steam dragon (D:7)
  2 water moccasins (D:8)
  A black bear (D:7)
  A sky beast (D:8)
  An orc warrior (D:8)
  A wolf (D:8)
  A kobold brigand (D:8)
  A phantom (D:5)
  2 scorpions
  2 bullfrogs (D:8)
  5 wights (D:8)
  A killer bee (D:8)
  3 howler monkeys
  2 hounds
  A gnoll bouda (D:8)
  3 jellies
  3 iguanas
  2 orc wizards
  12 gnolls
  6 adders
  A white imp (D:8)
  2 ufetubi (D:5)
  2 worms (D:2)
  5 dart slugs
  21 orcs
  9 endoplasms
  4 giant cockroaches
  9 goblins
  6 hobgoblins
  A quokka (D:2)
  4 ball pythons
  10 bats
  5 frilled lizards
  9 kobolds
  5 rats
149 creatures vanquished.

Vanquished Creatures (collateral kills)
  Maggie (D:7)
  2 orc warriors (D:6)
  A water moccasin (D:6)
  Duvessa (D:4)
  3 wolves (D:8)
  2 wights (D:8)
  2 orc priests (D:6)
  A gnoll bouda (D:7)
  A sleepcap (D:6)
  4 gnolls
  2 adders (D:4)
  5 orcs
  A ball python (D:4)
  An endoplasm (D:4)
  A goblin (D:4)
  A rat (D:4)
29 creatures vanquished.

Vanquished Creatures (others)
  2 dancing weapons (D:8)
  A black bear (D:7)
  An orc wizard (D:5)
  An orc (D:8)
  A kobold (D:8)
6 creatures vanquished.

Grand Total: 184 creatures vanquished

Notes
Turn   | Place    | Note
-------+----------+-------------------------------------------
     0 | D:1      | Danienth the Spriggan Enchanter began the quest for the
                  | Orb.
     0 | D:1      | Reached XP level 1. HP: 9/9 MP: 5/5
   649 | D:1      | Reached XP level 2. HP: 13/13 MP: 6/6
   848 | D:1      | Reached skill level 2 in Short Blades
  1041 | D:1      | Found a faded altar of an unknown god.
  1048 | D:1      | Prayed at the altar of an unknown god.
  1048 | D:1      | Became a worshipper of Nemelex Xobeh the Trickster
  1048 | D:1      | Reached * piety under Nemelex Xobeh
  1169 | D:2      | Reached skill level 5 in Stealth
  1280 | D:2      | Reached XP level 3. HP: 17/17 MP: 8/8
  1320 | D:2      | Received a gift from Nemelex Xobeh
  1655 | D:2      | Learned a level 3 spell: Confusing Touch
  1658 | D:2      | Learned a level 2 spell: Ensorcelled Hibernation
  1753 | D:2      | Reached XP level 4. HP: 12/21 MP: 7/9
  1915 | D:3      | Reached ** piety under Nemelex Xobeh
  1947 | D:3      | Reached skill level 1 in Fighting
  2130 | D:3      | Learned a level 1 spell: Freeze
  2608 | D:3      | Reached skill level 3 in Short Blades
  2675 | D:4      | Noticed Dowan
  2677 | D:4      | Noticed Duvessa
  2679 | D:4      | Dowan changed into Dowan the adder
  2679 | D:4      | Noticed Dowan
  2682 | D:4      | Killed Dowan the adder
  2687 | D:4      | Killed Duvessa
  2688 | D:4      | Reached XP level 5. HP: 16/25 MP: 6/10
  2689 | D:4      | Reached skill level 4 in Short Blades
  2847 | D:4      | Reached XP level 6. HP: 27/30 MP: 9/11
  3210 | D:4      | Reached skill level 5 in Short Blades
  3669 | D:5      | Entered Level 5 of the Dungeon
  3669 | D:5      | Noticed Pikel
  3710 | D:5      | Killed Pikel
  3711 | D:5      | Reached skill level 6 in Short Blades
  3711 | D:5      | Reached XP level 7. HP: 36/38 MP: 2/12
  3770 | D:5      | Reached XP level 8. HP: 41/42 MP: 10/13
  3816 | D:5      | Reached skill level 7 in Short Blades
  3844 | D:5      | Received a gift from Nemelex Xobeh
  4139 | D:5      | Found an iron altar of Okawaru.
  4216 | D:5      | Identified the +0 hand axe of the Hero {speed, Str-2 Int+4
                  | Stlth+}
  4315 | D:5      | Found a glowing silver altar of Zin.
  4355 | D:6      | Reached *** piety under Nemelex Xobeh
  4460 | D:6      | Found Foleps's Weapon Shoppe.
  4511 | D:6      | Reached skill level 5 in Fighting
  4529 | D:6      | Reached skill level 8 in Short Blades
  4698 | D:6      | Found a broken altar of Ashenzari.
  4733 | D:6      | Found a bloodstained altar of Trog.
  4757 | D:6      | Noticed Edmund
  4776 | D:6      | Banished Edmund
  4792 | D:6      | Reached skill level 1 in Invocations
  5056 | D:6      | Gained mutation: You are resistant to electric shocks.
                  | (rElec) [potion of mutation]
  5056 | D:6      | Gained mutation: Your magical capacity is low. (-10% MP)
                  | [potion of mutation]
  5056 | D:6      | Gained mutation: Your body sometimes deteriorates upon
                  | taking damage. [potion of mutation]
  5056 | D:6      | Gained mutation: You have sharp fingernails. [potion of
                  | mutation]
  5057 | D:6      | Lost mutation: Your magical capacity is low. (-10% MP)
                  | [potion of mutation]
  5057 | D:6      | Lost mutation: You have sharp fingernails. [potion of
                  | mutation]
  5057 | D:6      | Gained mutation: Your body often deteriorates upon taking
                  | damage. [potion of mutation]
  5057 | D:6      | Gained mutation: You passively dampen the noise of your
                  | surroundings. [potion of mutation]
  5143 | D:6      | Received a gift from Nemelex Xobeh
  5234 | D:7      | Identified the "Avisoce"
  5323 | D:7      | Noticed Maggie
  5344 | D:7      | Killed Maggie
  5345 | D:7      | Reached skill level 1 in Ice Magic
  5345 | D:7      | Reached XP level 9. HP: 9/48 MP: 4/16
  5568 | D:7      | Found a staircase to the Ecumenical Temple.
  5763 | D:7      | Paralysed by a hornet for 1 turns
  6036 | D:7      | Reached skill level 5 in Spellcasting
  6217 | D:7      | Learned a level 2 spell: Blink
  6221 | D:7      | Learned a level 3 spell: Tukima's Dance
  6244 | D:8      | Identified a scroll of acquirement
  6244 | D:8      | Acquired 1220 gold pieces
  6316 | D:6      | Bought the +3 short sword of Mixorin {flame, Dex+6} for 480
                  | gold pieces
  6316 | D:6      | Bought 4 datura-tipped darts for 43 gold pieces
  6421 | D:8      | Noticed Jeremiah
  6443 | D:8      | Reached skill level 5 in Hexes
  6582 | D:8      | Jeremiah changed into Jeremiah the culicivora
  6582 | D:8      | Noticed Jeremiah
  6618 | D:8      | Killed Jeremiah the culicivora
  6796 | D:8      | Noticed a two-headed ogre
  6826 | D:8      | Killed a two-headed ogre
  6827 | D:8      | Reached skill level 9 in Short Blades
  6977 | D:8      | Noticed Grum
  6993 | D:8      | Reached XP level 10. HP: 25/53 MP: 10/21
  6996 | D:8      | Killed Grum
  7269 | D:8      | Learned a level 3 spell: Vampiric Draining
  7375 | D:8      | Received a gift from Nemelex Xobeh
  7571 | D:8      | Lost mutation: You are resistant to electric shocks.
                  | (rElec) [potion of mutation]
  7571 | D:8      | Lost mutation: You passively dampen the noise of your
                  | surroundings. [potion of mutation]
  7571 | D:8      | Lost mutation: Your body often deteriorates upon taking
                  | damage. [potion of mutation]
  7571 | D:8      | Gained mutation: You occasionally lose the ability to read
                  | scrolls when taking damage. [potion of mutation]
  7571 | D:8      | Gained mutation: You are agile. (Dex +4, Str/Int -1)
                  | [potion of mutation]
  7571 | D:8      | Gained mutation: You have sharp toenails. [potion of
                  | mutation]
  8066 | D:8      | Reached **** piety under Nemelex Xobeh
  8420 | D:8      | Killed from afar by an acid dragon

Illustrated notes

Levels and vault maps discovered:
D:1:      dpeg_arrival_arbitrary_b, layout_loops_ring,
          dreamdust_ecumenical_altar_hidden_monk_grotto,
          chequers_serial_rivers_marsh
D:2:      layout_loops_ring, minmay_joined_circles
D:3:      layout_loops_ring, minmay_cut_off
D:4:      layout_rooms, hangedman_glass_teeth, uniq_duvessa
D:5:      layout_rooms, okawaru_ov_weapons_minmay, lemuel_tele_altar,
          grunt_ministairs_10, uniq_pikel
D:6:      layout_cave_pools, mainiacjoe_overflow_catwalk,
          evilmike_ruin_ashenzari, serial_shops, shop, serial_glass,
          glass_columns_c, glass_columns_b, uniq_edmund
D:7:      layout_basic, minmay_temple_entry_glass,
          hangedman_abyss_or_decor_passed, uniq_maggie
D:8:      layout_gridville, chequers_serial_rivers_small_3, st_stairs_2,
          patterned_corridor, uniq_jeremiah, uniq_grum

Skill      XL: |  1  2  3  4  5  6  7  8  9 10 |
---------------+-------------------------------+-----
Dodging        | 3 4 |  4.2
Short Blades   | 2 3 4 6 8 9 |  9.3
Stealth        | 5 6 |  6.0
Fighting       | 1 2 4 5 6 |  6.5
Spellcasting   | 4 6 7 |  7.4
Invocations    | 1 3 |  3.9
Hexes          | 4 5 6 |  6.0
Ice Magic      | 1 2 3 |  3.0
Conjurations   | |  0.1
Necromancy     | |  0.6

Action                     |  1- 3 |  4- 6 |  7- 9 | 10-12 || total
---------------------------+-------+-------+-------+-------++-------
  Melee: Dagger            |    90 |   121 |   192 |       ||   403
         Punch             |     1 |     1 |     2 |     2 ||     6
         Short sword       |       |       |    10 |    78 ||    88
         Kick              |       |       |       |    12 ||    12
  Throw: Dart              |    10 |    37 |    27 |     6 ||    80
   Cast: Ensorcelled Hiber |       |    10 |    20 |     6 ||    36
         Tukima's Dance    |       |       |     6 |     7 ||    13
         Confusing Touch   |       |       |     3 |       ||     3
         Blink             |       |       |       |     1 ||     1
 Invoke: Draw Destruction  |     1 |     6 |     6 |     6 ||    19
         Draw Summoning    |       |     2 |     3 |       ||     5
         Draw Escape       |       |       |     4 |     2 ||     6
  Evoke: Wand              |       |       |     7 |     1 ||     8
    Use: Scroll            |     2 |     5 |     9 |     3 ||    19
         Potion            |       |     3 |     6 |     3 ||    12
   Stab: Sleeping          |    13 |    13 |     8 |     4 ||    38
         Invisible         |       |     1 |       |       ||     1
         Distracted        |       |       |     1 |     1 ||     2
         Confused          |       |       |     1 |       ||     1
 Armour: Robe              |    17 |    40 |    78 |    43 ||   178
  Dodge: Dodged            |    50 |    63 |   167 |    91 ||   371

Table legend: (Time is in decaauts)
 A = Elapsed time spent in this place.
 B = Non-inter-level travel time spent in this place.
 C = Inter-level travel time spent in this place.
 D = Time resting spent in this place.
 E = Time spent auto-exploring this place.
 F = Levels seen in this place.
 G = Mean time per level.
                   A        B        C        D        E       F      G
               +--------+--------+--------+--------+--------+-----+--------+
         Total |   6440 |   6243 |    197 |   1483 |   3550 |   8 |  805.0 |
       Dungeon |   6440 |   6243 |    197 |   1483 |   3550 |   8 |  805.0 |
               +--------+--------+--------+--------+--------+-----+--------+

Top non-repeatable levels by time:
     D:8: 1762 daAuts
     D:1: 858 daAuts
     D:7: 809 daAuts
     D:4: 770 daAuts
     D:6: 743 daAuts
     D:2: 519 daAuts
     D:5: 497 daAuts
     D:3: 478 daAuts
